Connexion

Wild vs Wolf Pack

Created - 21 février 2024 at 05:51

Goals
1 2 3 OT1 T
Wild 0 1 1 0 2
Wolf Pack 1 0 1 1 3
Shots
1 2 3 OT1 T
Wild 10 18 17 0 45
Wolf Pack 8 5 4 1 18

GoalsPenalties
1st period
1. Wolf Pack , Dave Gust 24 (Matt Donovan 47, Brad Richardson 35) at 19:08
Kyle Wood (HAR) for Slashing (Double Minor) at 8:07
2nd period
2. Wild , Anthony Louis 25 (Danick Martel 27, Taylor Raddysh 31) at 18:58
Daniel Walcott (HAR) for Fighting (Major) at 2:48
Tanner Pearson (IOW) for Fighting (Major) at 2:48
Brad Richardson (HAR) for Roughing (Minor) at 3:23
Tyler Wotherspoon (HAR) for Holding (Minor) at 12:25
Henri Ikonen (HAR) for Holding (Minor) at 15:04
3rd period
3. Wild , Dillon Simpson 10 (Joseph Gambardella 30, Tanner Pearson 34) at 8:27 (PP)
4. Wolf Pack , Nick Lappin 18 (Cole Bardreau 30) at 11:58
Luke Witkowski (HAR) for Cross-checking (Minor) at 0:53
Tyler Wotherspoon (HAR) for Hooking (Minor) at 6:31
Matt Donovan (HAR) for High sticking (Minor) at 13:26
Daniel Walcott (HAR) for Boarding (Double Minor) at 16:10
Overtime #1
5. Wolf Pack , Joe Thornton 29 (Jeremy Bracco 29, Tyler Wotherspoon 29) at 1:20
No Penalty
Goalie Stats
Maxime Lagace (IOW), 15 saves from 18 shots - (0,833), OTL, 38-19-1, 61:21 minutes
Mads Sogaard (HAR), 43 saves from 45 shots - (0,956), W, 26-26-4, 61:21 minutes
3 StarsOfficial
1 - Mads Sogaard (HAR)
2 - Nick Lappin (HAR)
3 - Joe Thornton (HAR)
Referees : Mike Leggo and Don VanMassenhoven
Linesman : Dan Schachte and Darren Gibbs
Game Note
Tanner Pearson beats up Daniel Walcott at 2:48 of 2nd period
Zac Dalpe is injured at 10:15 of 2nd period (Bruised Right Leg)
Finance
Level 1 -- Attendance: 1771 (88,55%) -- Ticket Income $61,985
Level 2 -- Attendance: 923 (92,30%) -- Ticket Income $13,845
Total Attendance: 2694 (89,80%)
Total Ticket Income: $75,830
Other Income: $15,166
Total Income: $90,996



Team Name Goals Shots Shots Attemp Shots Blocked PIM HIT PP PK FO%
Wild 2459175221 / 10 (10%)053%
Wolf Pack 318431425200 / 0 (0,00%147%

Wild
Player Name POS G A P +/- PIM HIT SHT SB MP PP MP PP SHT PK MP PK SHT FO% FOT
Anders BjorkLW/RW000-1016022:249:4830:0000% 1
Anthony LouisC/LW1010026022:319:0520:0000% 1
Antti SuomelaC000001304:441:5030:0000% 0
Ben GleasonD0001000121:288:5400:0000% 0
Ben ThomasD000-1020013:500:4600:0000% 0
Connor HobbsD0000021321:408:5410:0000% 0
Danick MartelC/LW0110023022:319:0520:00052% 33
Dillon SimpsonD101-1041025:519:5910:0000% 0
Eemeli RasanenD000-1000012:510:4600:0000% 0
Jalen ChatfieldD000-1024125:519:5930:0000% 0
Jeremy GregoireC/LW/RW000-1025011:280:5700:00073% 11
Joseph GambardellaC/LW011-1005122:149:4840:00059% 34
Kasper BjorkqvistLW/RW000-1002010:330:4600:0000% 0
Lukas JasekC/RW000000004:540:0000:00050% 6
Michael MerschLW/RW000-101209:470:0000:0000% 1
Ryan KuffnerLW000000004:540:0000:0000% 0
Tanner PearsonLW0110513024:108:3300:00033% 3
Taylor RaddyshRW0110024122:319:0500:0000% 2
Wolf Pack
Player Name POS G A P +/- PIM HIT SHT SB MP PP MP PP SHT PK MP PK SHT FO% FOT
Brad RichardsonC/LW/RW0110221121:180:0008:26170% 10
Cole BardreauC/RW0111012013:130:0000:23056% 18
Daniel WalcottD000-1950119:400:0006:3500% 0
Dave GustRW1010011023:120:00011:0600% 1
Emile PoirierLW/RW000000008:540:0002:2000% 0
Henri IkonenC/LW0001210010:170:0000:0000% 0
Jeremy BraccoLW/RW0111000112:340:0000:000100% 1
Joe ThorntonC1011004012:570:0000:23053% 15
Kyle WoodD0000440217:100:0005:3400% 0
Luke WitkowskiRW0000223016:320:0004:2300% 0
Matt DonovanD0112222224:550:0009:5500% 0
Michael KaplaD0000001113:380:0000:3800% 0
Nick LappinC/RW1011001110:180:0000:0000% 0
Santerri SaariD000-1000422:160:0008:3300% 0
Shane BowersC/RW000-1012017:300:0009:34031% 29
Ty RonningRW000001005:470:0000:0000% 0
Tyler WotherspoonD0113400123:310:0008:0800% 0
Zac Dalpe C/LW/RW0001001010:330:0003:08044% 18



Play-by-Play

1st period


0:01 of 1st period - Joseph Gambardella wins face-off versus Zac Dalpe in neutral zone.
0:01 of 1st period - Joseph Gambardella is hit by Brad Richardson.
0:27 of 1st period - Shot by Brad Richardson.
0:27 of 1st period - Shot Misses the Net.
1:10 of 1st period - Tanner Pearson is hit by Daniel Walcott and loses puck.
1:16 of 1st period - Jeremy Bracco is hit by Tanner Pearson and loses puck.
1:21 of 1st period - Shot by Daniel Walcott.
1:21 of 1st period - Shot Hit the Post.
1:23 of 1st period - Shot by Santerri Saari.
1:23 of 1st period - Shot Misses the Net.
1:44 of 1st period - Henri Ikonen is hit by Jalen Chatfield and loses puck.
2:35 of 1st period - Shot by Emile Poirier.
2:35 of 1st period - Deflect By Shane Bowers.
2:35 of 1st period - Stopped by Maxime Lagace with a rebound.
2:37 of 1st period - Shot by Shane Bowers.
2:37 of 1st period - Shot Misses the Net.
2:39 of 1st period - Shot by Tyler Wotherspoon.
2:39 of 1st period - Shot Blocked by Ben Gleason.
2:47 of 1st period - Shot by Matt Donovan.
2:47 of 1st period - Stopped by Maxime Lagace without a rebound.
2:48 of 1st period - Jeremy Gregoire wins face-off versus Zac Dalpe in Wild zone.
3:19 of 1st period - Shot by Michael Mersch.
3:19 of 1st period - Stopped by Mads Sogaard without a rebound.
3:20 of 1st period - Joe Thornton wins face-off versus Lukas Jasek in Wolf Pack zone.
3:20 of 1st period - Joe Thornton is hit by Antti Suomela.
5:08 of 1st period - Icing by Dillon Simpson.
5:09 of 1st period - Jeremy Gregoire wins face-off versus Zac Dalpe in Wild zone.
6:19 of 1st period - Shot by Shane Bowers.
6:19 of 1st period - Deflect By Emile Poirier.
6:19 of 1st period - Shot Misses the Net.
6:21 of 1st period - Shot by Michael Kapla.
6:21 of 1st period - Stopped by Maxime Lagace without a rebound.
6:22 of 1st period - Cole Bardreau wins face-off versus Danick Martel in Wild zone.
6:25 of 1st period - Shot by Henri Ikonen.
6:25 of 1st period - Shot Blocked by Taylor Raddysh.
6:32 of 1st period - Danick Martel is hit by Kyle Wood and loses puck.
6:35 of 1st period - Shot by Taylor Raddysh.
6:35 of 1st period - Stopped by Mads Sogaard with a rebound.
6:43 of 1st period - Shot by Taylor Raddysh.
6:43 of 1st period - Stopped by Mads Sogaard without a rebound.
6:44 of 1st period - Jeremy Gregoire wins face-off versus Shane Bowers in Wolf Pack zone.
7:02 of 1st period - Michael Mersch is hit by Daniel Walcott and loses puck.
7:06 of 1st period - Icing by Daniel Walcott.
7:07 of 1st period - Joseph Gambardella wins face-off versus Shane Bowers in Wolf Pack zone.
7:07 of 1st period - Anders Bjork is hit by Daniel Walcott and loses puck.
7:28 of 1st period - Shot by Emile Poirier.
7:28 of 1st period - Deflect By Shane Bowers.
7:28 of 1st period - Shot Misses the Net.
8:06 of 1st period - Shot by Anthony Louis.
8:06 of 1st period - Shot Misses the Net.
8:07 of 1st period - Double Minor Penalty to Kyle Wood for Slashing.
8:08 of 1st period - Danick Martel wins face-off versus Zac Dalpe in Wolf Pack zone.
8:13 of 1st period - Shot by Taylor Raddysh.
8:13 of 1st period - Shot Misses the Net.
8:17 of 1st period - Shot by Jalen Chatfield.
8:17 of 1st period - Stopped by Mads Sogaard without a rebound.
8:18 of 1st period - Danick Martel wins face-off versus Zac Dalpe in Wolf Pack zone.
8:21 of 1st period - Shot by Anthony Louis.
8:21 of 1st period - Shot Misses the Net.
8:23 of 1st period - Shot by Anthony Louis.
8:23 of 1st period - Shot Misses the Net.
8:25 of 1st period - Shot by Danick Martel.
8:25 of 1st period - Shot Misses the Net.
8:37 of 1st period - Dillon Simpson is hit by Dave Gust and loses puck.
9:28 of 1st period - Shot by Connor Hobbs.
9:28 of 1st period - Deflect By Anders Bjork.
9:28 of 1st period - Stopped by Mads Sogaard without a rebound.
9:29 of 1st period - Joseph Gambardella wins face-off versus Brad Richardson in Wolf Pack zone.
9:48 of 1st period - Shot by Shane Bowers.
9:48 of 1st period - Shot Misses the Net.
10:32 of 1st period - Shot by Luke Witkowski.
10:32 of 1st period - Shot Misses the Net.
11:08 of 1st period - Shot by Jeremy Gregoire.
11:08 of 1st period - Shot Misses the Net.
11:37 of 1st period - Emile Poirier is hit by Jeremy Gregoire and loses puck.
11:53 of 1st period - Icing by Connor Hobbs.
11:54 of 1st period - Joseph Gambardella wins face-off versus Zac Dalpe in Wild zone.
12:30 of 1st period - Shot by Danick Martel.
12:30 of 1st period - Shot Misses the Net.
12:32 of 1st period - Shot by Taylor Raddysh.
12:32 of 1st period - Stopped by Mads Sogaard with a rebound.
13:08 of 1st period - Shot by Luke Witkowski.
13:08 of 1st period - Stopped by Maxime Lagace with a rebound.
13:14 of 1st period - Shot by Tanner Pearson.
13:14 of 1st period - Stopped by Mads Sogaard without a rebound.
13:15 of 1st period - Shane Bowers wins face-off versus Jeremy Gregoire in Wolf Pack zone.
13:24 of 1st period - Michael Mersch is hit by Ty Ronning and loses puck.
15:15 of 1st period - Shot by Joseph Gambardella.
15:15 of 1st period - Stopped by Mads Sogaard without a rebound.
15:16 of 1st period - Lukas Jasek wins face-off versus Joe Thornton in Wolf Pack zone.
16:35 of 1st period - Shot by Kasper Bjorkqvist.
16:35 of 1st period - Shot Misses the Net.
16:57 of 1st period - Shot by Cole Bardreau.
16:57 of 1st period - Stopped by Maxime Lagace without a rebound.
16:58 of 1st period - Zac Dalpe wins face-off versus Danick Martel in Wild zone.
17:00 of 1st period - Dave Gust is hit by Dillon Simpson and loses puck.
17:38 of 1st period - Shot by Anthony Louis.
17:38 of 1st period - Stopped by Mads Sogaard with a rebound.
17:40 of 1st period - Shot by Taylor Raddysh.
17:40 of 1st period - Shot Misses the Net.
17:49 of 1st period - Off-side.
17:50 of 1st period - Cole Bardreau wins face-off versus Tanner Pearson in neutral zone.
18:13 of 1st period - Shot by Cole Bardreau.
18:13 of 1st period - Shot Blocked by Joseph Gambardella.
18:49 of 1st period - Ty Ronning is hit by Connor Hobbs and loses puck.
18:52 of 1st period - Shot by Shane Bowers.
18:52 of 1st period - Stopped by Maxime Lagace without a rebound.
18:53 of 1st period - Joe Thornton wins face-off versus Danick Martel in Wild zone.
18:58 of 1st period - Shot by Luke Witkowski.
18:58 of 1st period - Stopped by Maxime Lagace without a rebound.
18:59 of 1st period - Zac Dalpe wins face-off versus Danick Martel in Wild zone.
19:06 of 1st period - Shot by Dave Gust.
19:06 of 1st period - Shot Misses the Net.
19:08 of 1st period - Shot by Dave Gust.
19:08 of 1st period - Goal by Dave Gust - Wild : 0 - Wolf Pack : 1.
19:09 of 1st period - Jeremy Gregoire wins face-off versus Joe Thornton in neutral zone.
19:30 of 1st period - Shot by Michael Mersch.
19:30 of 1st period - Deflect By Jeremy Gregoire.
19:30 of 1st period - Stopped by Mads Sogaard without a rebound.
19:31 of 1st period - Zac Dalpe wins face-off versus Danick Martel in Wolf Pack zone.
19:52 of 1st period - Shot by Dave Gust.
19:52 of 1st period - Shot Misses the Net.
Goals for this period are 0 for Wild vs 1 for Wolf Pack.
Shots for this period are 10 for Wild vs 8 for Wolf Pack.

2nd period


0:01 of 2nd period - Zac Dalpe wins face-off versus Joseph Gambardella in neutral zone.
0:09 of 2nd period - Brad Richardson is hit by Dillon Simpson and loses puck.
0:23 of 2nd period - Matt Donovan is hit by Dillon Simpson.
0:25 of 2nd period - Shot by Zac Dalpe .
0:25 of 2nd period - Shot Misses the Net.
1:03 of 2nd period - Shot by Joe Thornton.
1:03 of 2nd period - Stopped by Maxime Lagace without a rebound.
1:04 of 2nd period - Danick Martel wins face-off versus Cole Bardreau in Wild zone.
1:42 of 2nd period - Icing by Michael Kapla.
1:43 of 2nd period - Jeremy Gregoire wins face-off versus Cole Bardreau in Wolf Pack zone.
1:49 of 2nd period - Icing by Michael Kapla.
1:50 of 2nd period - Cole Bardreau wins face-off versus Jeremy Gregoire in Wolf Pack zone.
2:33 of 2nd period - Shot by Zac Dalpe .
2:33 of 2nd period - Stopped by Maxime Lagace without a rebound.
2:34 of 2nd period - Joseph Gambardella wins face-off versus Joe Thornton in Wild zone.
2:41 of 2nd period - Shot by Joseph Gambardella.
2:41 of 2nd period - Shot Misses the Net.
2:46 of 2nd period - Anders Bjork is hit by Daniel Walcott and loses puck.
2:48 of 2nd period - Tanner Pearson beats up Daniel Walcott.
2:48 of 2nd period - Penalty to Daniel Walcott for Fighting.
2:48 of 2nd period - Penalty to Tanner Pearson for Fighting.
2:49 of 2nd period - Danick Martel wins face-off versus Shane Bowers in Wolf Pack zone.
3:21 of 2nd period - Icing by Anthony Louis.
3:22 of 2nd period - Danick Martel wins face-off versus Zac Dalpe in Wild zone.
3:22 of 2nd period - Danick Martel is hit by Brad Richardson.
3:23 of 2nd period - Minor Penalty to Brad Richardson for Roughing.
3:24 of 2nd period - Joseph Gambardella wins face-off versus Zac Dalpe in Wolf Pack zone.
3:29 of 2nd period - Shot by Joseph Gambardella.
3:29 of 2nd period - Stopped by Mads Sogaard with a rebound.
3:51 of 2nd period - Shot by Antti Suomela.
3:51 of 2nd period - Stopped by Mads Sogaard without a rebound.
3:52 of 2nd period - Zac Dalpe wins face-off versus Danick Martel in Wolf Pack zone.
3:52 of 2nd period - Tyler Wotherspoon is hit by Taylor Raddysh and loses puck.
5:01 of 2nd period - Shot by Antti Suomela.
5:01 of 2nd period - Stopped by Mads Sogaard with a rebound.
5:09 of 2nd period - Shot by Antti Suomela.
5:09 of 2nd period - Shot Misses the Net.
5:11 of 2nd period - Shot by Antti Suomela.
5:11 of 2nd period - Stopped by Mads Sogaard without a rebound.
5:12 of 2nd period - Zac Dalpe wins face-off versus Joseph Gambardella in Wolf Pack zone.
5:37 of 2nd period - Shot by Henri Ikonen.
5:37 of 2nd period - Shot Misses the Net.
6:46 of 2nd period - Icing by Danick Martel.
6:47 of 2nd period - Zac Dalpe wins face-off versus Danick Martel in Wild zone.
6:47 of 2nd period - Zac Dalpe is hit by Dillon Simpson.
6:52 of 2nd period - Icing by Dillon Simpson.
6:53 of 2nd period - Danick Martel wins face-off versus Zac Dalpe in Wild zone.
6:59 of 2nd period - Off-side.
7:00 of 2nd period - Joseph Gambardella wins face-off versus Zac Dalpe in neutral zone.
7:16 of 2nd period - Icing by Anders Bjork.
7:17 of 2nd period - Joseph Gambardella wins face-off versus Joe Thornton in Wild zone.
8:55 of 2nd period - Shot by Kasper Bjorkqvist.
8:55 of 2nd period - Deflect By Michael Mersch.
8:55 of 2nd period - Shot Misses the Net.
8:57 of 2nd period - Shot by Kasper Bjorkqvist.
8:57 of 2nd period - Shot Blocked by Michael Kapla.
8:59 of 2nd period - Shot by Michael Mersch.
8:59 of 2nd period - Shot Misses the Net.
9:01 of 2nd period - Shot by Michael Mersch.
9:01 of 2nd period - Stopped by Mads Sogaard without a rebound.
9:02 of 2nd period - Cole Bardreau wins face-off versus Lukas Jasek in Wolf Pack zone.
9:15 of 2nd period - Icing by Eemeli Rasanen.
9:16 of 2nd period - Lukas Jasek wins face-off versus Shane Bowers in Wild zone.
9:28 of 2nd period - Ryan Kuffner is hit by Daniel Walcott and loses puck.
10:13 of 2nd period - Shot by Jeremy Gregoire.
10:13 of 2nd period - Stopped by Mads Sogaard without a rebound.
10:14 of 2nd period - Zac Dalpe wins face-off versus Danick Martel in Wolf Pack zone.
10:14 of 2nd period - Zac Dalpe is hit by Anthony Louis.
10:15 of 2nd period - Zac Dalpe from Wolf Pack is injured at 10:15 of 2nd period (Bruised Right Leg).
10:16 of 2nd period - Cole Bardreau wins face-off versus Danick Martel in Wolf Pack zone.
10:32 of 2nd period - Shot by Anthony Louis.
10:32 of 2nd period - Stopped by Mads Sogaard without a rebound.
10:33 of 2nd period - Joseph Gambardella wins face-off versus Joe Thornton in Wolf Pack zone.
10:38 of 2nd period - Shot by Joseph Gambardella.
10:38 of 2nd period - Shot Blocked by Jeremy Bracco.
10:40 of 2nd period - Shot by Tanner Pearson.
10:40 of 2nd period - Stopped by Mads Sogaard with a rebound.
10:42 of 2nd period - Shot by Connor Hobbs.
10:42 of 2nd period - Shot Misses the Net.
10:44 of 2nd period - Shot by Anders Bjork.
10:44 of 2nd period - Shot Misses the Net.
10:46 of 2nd period - Shot by Tanner Pearson.
10:46 of 2nd period - Shot Misses the Net.
10:48 of 2nd period - Shot by Tanner Pearson.
10:48 of 2nd period - Stopped by Mads Sogaard without a rebound.
10:49 of 2nd period - Jeremy Gregoire wins face-off versus Cole Bardreau in Wolf Pack zone.
10:50 of 2nd period - Shot by Kasper Bjorkqvist.
10:50 of 2nd period - Stopped by Mads Sogaard without a rebound.
10:51 of 2nd period - Cole Bardreau wins face-off versus Anders Bjork in Wolf Pack zone.
11:03 of 2nd period - Off-side.
11:04 of 2nd period - Danick Martel wins face-off versus Joe Thornton in neutral zone.
11:12 of 2nd period - Shot by Danick Martel.
11:12 of 2nd period - Deflect By Anthony Louis.
11:12 of 2nd period - Shot Blocked by Santerri Saari.
11:32 of 2nd period - Shot by Taylor Raddysh.
11:32 of 2nd period - Shot Misses the Net.
12:25 of 2nd period - Minor Penalty to Tyler Wotherspoon for Holding.
12:26 of 2nd period - Shane Bowers wins face-off versus Danick Martel in Wolf Pack zone.
12:26 of 2nd period - Shane Bowers is hit by Anthony Louis.
12:33 of 2nd period - Icing by Ben Gleason.
12:34 of 2nd period - Danick Martel wins face-off versus Shane Bowers in Wild zone.
12:36 of 2nd period - Icing by Ben Gleason.
12:37 of 2nd period - Shane Bowers wins face-off versus Danick Martel in Wild zone.
13:00 of 2nd period - Off-side.
13:01 of 2nd period - Joseph Gambardella wins face-off versus Shane Bowers in neutral zone.
13:03 of 2nd period - Dillon Simpson is hit by Kyle Wood and loses puck.
13:18 of 2nd period - Shot by Tanner Pearson.
13:18 of 2nd period - Shot Misses the Net.
13:42 of 2nd period - Shot by Dillon Simpson.
13:42 of 2nd period - Deflect By Joseph Gambardella.
13:42 of 2nd period - Shot Misses the Net.
13:54 of 2nd period - Shot by Anthony Louis.
13:54 of 2nd period - Deflect By Danick Martel.
13:54 of 2nd period - Shot Misses the Net.
13:56 of 2nd period - Shot by Danick Martel.
13:56 of 2nd period - Stopped by Mads Sogaard without a rebound.
13:57 of 2nd period - Danick Martel wins face-off versus Brad Richardson in Wolf Pack zone.
14:09 of 2nd period - Icing by Taylor Raddysh.
14:10 of 2nd period - Shane Bowers wins face-off versus Taylor Raddysh in Wild zone.
14:37 of 2nd period - Shot by Joe Thornton.
14:37 of 2nd period - Shot Misses the Net.
14:41 of 2nd period - Shot by Jeremy Bracco.
14:41 of 2nd period - Shot Misses the Net.
14:46 of 2nd period - Joe Thornton is hit by Ben Thomas and loses puck.
14:49 of 2nd period - Shot by Joe Thornton.
14:49 of 2nd period - Stopped by Maxime Lagace without a rebound.
14:50 of 2nd period - Cole Bardreau wins face-off versus Joseph Gambardella in Wild zone.
14:50 of 2nd period - Cole Bardreau is hit by Jalen Chatfield.
14:52 of 2nd period - Shot by Henri Ikonen.
14:52 of 2nd period - Shot Misses the Net.
14:56 of 2nd period - Shot by Henri Ikonen.
14:56 of 2nd period - Shot Blocked by Jalen Chatfield.
14:58 of 2nd period - Shot by Matt Donovan.
14:58 of 2nd period - Stopped by Maxime Lagace without a rebound.
14:59 of 2nd period - Joseph Gambardella wins face-off versus Cole Bardreau in Wild zone.
14:59 of 2nd period - Joseph Gambardella is hit by Henri Ikonen.
15:04 of 2nd period - Minor Penalty to Henri Ikonen for Holding.
15:05 of 2nd period - Joseph Gambardella wins face-off versus Shane Bowers in Wolf Pack zone.
15:30 of 2nd period - Icing by Jalen Chatfield.
15:31 of 2nd period - Shane Bowers wins face-off versus Tanner Pearson in Wild zone.
15:34 of 2nd period - Shot by Dave Gust.
15:34 of 2nd period - Shot Misses the Net.
15:44 of 2nd period - Shot by Dillon Simpson.
15:44 of 2nd period - Shot Blocked by Matt Donovan.
15:46 of 2nd period - Shot by Anders Bjork.
15:46 of 2nd period - Stopped by Mads Sogaard with a rebound.
15:48 of 2nd period - Shot by Anders Bjork.
15:48 of 2nd period - Stopped by Mads Sogaard without a rebound.
15:49 of 2nd period - Brad Richardson wins face-off versus Danick Martel in Wolf Pack zone.
17:05 of 2nd period - Cole Bardreau is hit by Jeremy Gregoire and loses puck.
18:03 of 2nd period - Icing by Jalen Chatfield.
18:04 of 2nd period - Joe Thornton wins face-off versus Lukas Jasek in Wild zone.
18:19 of 2nd period - Shot by Luke Witkowski.
18:19 of 2nd period - Stopped by Maxime Lagace without a rebound.
18:20 of 2nd period - Danick Martel wins face-off versus Shane Bowers in Wild zone.
18:46 of 2nd period - Shot by Taylor Raddysh.
18:46 of 2nd period - Stopped by Mads Sogaard with a rebound.
18:48 of 2nd period - Shot by Taylor Raddysh.
18:48 of 2nd period - Shot Misses the Net.
18:50 of 2nd period - Shot by Anthony Louis.
18:50 of 2nd period - Stopped by Mads Sogaard with a rebound.
18:52 of 2nd period - Shot by Connor Hobbs.
18:52 of 2nd period - Deflect By Taylor Raddysh.
18:52 of 2nd period - Shot Misses the Net.
18:54 of 2nd period - Shot by Anthony Louis.
18:54 of 2nd period - Shot Blocked by Santerri Saari.
18:56 of 2nd period - Shot by Danick Martel.
18:56 of 2nd period - Shot Blocked by Santerri Saari.
18:58 of 2nd period - Shot by Anthony Louis.
18:58 of 2nd period - Goal by Anthony Louis - Wild : 1 - Wolf Pack : 1.
18:59 of 2nd period - Joseph Gambardella wins face-off versus Joe Thornton in neutral zone.
19:32 of 2nd period - Shot by Anders Bjork.
19:32 of 2nd period - Stopped by Mads Sogaard with a rebound.
19:34 of 2nd period - Shot by Joseph Gambardella.
19:34 of 2nd period - Shot Blocked by Tyler Wotherspoon.
19:36 of 2nd period - Shot by Anders Bjork.
19:36 of 2nd period - Stopped by Mads Sogaard without a rebound.
19:37 of 2nd period - Cole Bardreau wins face-off versus Michael Mersch in Wolf Pack zone.
19:37 of 2nd period - Cole Bardreau is hit by Michael Mersch.
19:47 of 2nd period - Eemeli Rasanen is hit by Kyle Wood.
Goals for this period are 1 for Wild vs 0 for Wolf Pack.
Shots for this period are 18 for Wild vs 5 for Wolf Pack.

3rd period


0:01 of 3rd period - Cole Bardreau wins face-off versus Joseph Gambardella in neutral zone.
0:23 of 3rd period - Icing by Cole Bardreau.
0:24 of 3rd period - Danick Martel wins face-off versus Dave Gust in Wolf Pack zone.
0:24 of 3rd period - Danick Martel is hit by Matt Donovan.
0:38 of 3rd period - Cole Bardreau is hit by Connor Hobbs.
0:53 of 3rd period - Minor Penalty to Luke Witkowski for Cross-checking.
0:54 of 3rd period - Shane Bowers wins face-off versus Joseph Gambardella in Wolf Pack zone.
2:15 of 3rd period - Shot by Connor Hobbs.
2:15 of 3rd period - Stopped by Mads Sogaard without a rebound.
2:16 of 3rd period - Brad Richardson wins face-off versus Joseph Gambardella in Wolf Pack zone.
2:22 of 3rd period - Icing by Tanner Pearson.
2:23 of 3rd period - Joseph Gambardella wins face-off versus Shane Bowers in Wild zone.
2:29 of 3rd period - Icing by Jalen Chatfield.
2:30 of 3rd period - Shane Bowers wins face-off versus Joseph Gambardella in Wild zone.
2:49 of 3rd period - Shot by Brad Richardson.
2:49 of 3rd period - Stopped by Maxime Lagace without a rebound.
2:50 of 3rd period - Joe Thornton wins face-off versus Danick Martel in Wild zone.
2:57 of 3rd period - Shot by Cole Bardreau.
2:57 of 3rd period - Stopped by Maxime Lagace without a rebound.
2:58 of 3rd period - Joe Thornton wins face-off versus Danick Martel in Wild zone.
3:25 of 3rd period - Shot by Jeremy Bracco.
3:25 of 3rd period - Shot Blocked by Connor Hobbs.
3:39 of 3rd period - Matt Donovan is hit by Danick Martel and loses puck.
4:28 of 3rd period - Shot by Tanner Pearson.
4:28 of 3rd period - Shot Misses the Net.
4:48 of 3rd period - Shot by Kasper Bjorkqvist.
4:48 of 3rd period - Shot Blocked by Brad Richardson.
4:50 of 3rd period - Shot by Jeremy Gregoire.
4:50 of 3rd period - Stopped by Mads Sogaard without a rebound.
4:51 of 3rd period - Jeremy Gregoire wins face-off versus Shane Bowers in Wolf Pack zone.
5:20 of 3rd period - Shot by Kasper Bjorkqvist.
5:20 of 3rd period - Stopped by Mads Sogaard with a rebound.
5:53 of 3rd period - Shot by Anthony Louis.
5:53 of 3rd period - Shot Blocked by Kyle Wood.
6:12 of 3rd period - Off-side.
6:13 of 3rd period - Jeremy Bracco wins face-off versus Joseph Gambardella in neutral zone.
6:16 of 3rd period - Anders Bjork is hit by Luke Witkowski and loses puck.
6:28 of 3rd period - Shot by Joseph Gambardella.
6:28 of 3rd period - Shot Misses the Net.
6:30 of 3rd period - Shot by Anders Bjork.
6:30 of 3rd period - Shot Misses the Net.
6:31 of 3rd period - Minor Penalty to Tyler Wotherspoon for Hooking.
6:32 of 3rd period - Brad Richardson wins face-off versus Joseph Gambardella in Wolf Pack zone.
6:32 of 3rd period - Brad Richardson is hit by Anders Bjork.
6:50 of 3rd period - Icing by Jalen Chatfield.
6:51 of 3rd period - Brad Richardson wins face-off versus Joseph Gambardella in Wild zone.
7:09 of 3rd period - Shot by Jalen Chatfield.
7:09 of 3rd period - Stopped by Mads Sogaard with a rebound.
7:11 of 3rd period - Shot by Jalen Chatfield.
7:11 of 3rd period - Stopped by Mads Sogaard without a rebound.
7:12 of 3rd period - Danick Martel wins face-off versus Shane Bowers in Wolf Pack zone.
7:38 of 3rd period - Icing by Taylor Raddysh.
7:39 of 3rd period - Danick Martel wins face-off versus Shane Bowers in Wild zone.
7:50 of 3rd period - Shot by Anthony Louis.
7:50 of 3rd period - Stopped by Mads Sogaard without a rebound.
7:51 of 3rd period - Brad Richardson wins face-off versus Joseph Gambardella in Wolf Pack zone.
8:19 of 3rd period - Shot by Tanner Pearson.
8:19 of 3rd period - Shot Hit the Post.
8:21 of 3rd period - Shot by Dillon Simpson.
8:21 of 3rd period - Shot Misses the Net.
8:23 of 3rd period - Shot by Joseph Gambardella.
8:23 of 3rd period - Stopped by Mads Sogaard with a rebound.
8:25 of 3rd period - Shot by Dillon Simpson.
8:25 of 3rd period - Shot Blocked by Matt Donovan.
8:27 of 3rd period - Shot by Dillon Simpson.
8:27 of 3rd period - Goal by Dillon Simpson - Wild : 2 - Wolf Pack : 1.
8:28 of 3rd period - Joe Thornton wins face-off versus Taylor Raddysh in neutral zone.
8:28 of 3rd period - Joe Thornton is hit by Taylor Raddysh.
8:50 of 3rd period - Ben Gleason is hit by Luke Witkowski and loses puck.
9:47 of 3rd period - Shot by Jeremy Gregoire.
9:47 of 3rd period - Stopped by Mads Sogaard with a rebound.
10:02 of 3rd period - Shot by Jeremy Gregoire.
10:02 of 3rd period - Deflect By Michael Mersch.
10:02 of 3rd period - Shot Blocked by Nick Lappin.
10:04 of 3rd period - Shot by Jeremy Gregoire.
10:04 of 3rd period - Stopped by Mads Sogaard with a rebound.
10:11 of 3rd period - Icing by Matt Donovan.
10:12 of 3rd period - Joseph Gambardella wins face-off versus Cole Bardreau in Wolf Pack zone.
10:24 of 3rd period - Shot by Anders Bjork.
10:24 of 3rd period - Shot Misses the Net.
10:26 of 3rd period - Shot by Anders Bjork.
10:26 of 3rd period - Stopped by Mads Sogaard without a rebound.
10:27 of 3rd period - Lukas Jasek wins face-off versus Shane Bowers in Wolf Pack zone.
10:41 of 3rd period - Tanner Pearson is hit by Shane Bowers and loses puck.
11:34 of 3rd period - Luke Witkowski is hit by Danick Martel and loses puck.
11:47 of 3rd period - Shot by Luke Witkowski.
11:47 of 3rd period - Shot Blocked by Connor Hobbs.
11:49 of 3rd period - Shot by Joe Thornton.
11:49 of 3rd period - Shot Misses the Net.
11:55 of 3rd period - Shot by Joe Thornton.
11:55 of 3rd period - Stopped by Maxime Lagace without a rebound.
11:56 of 3rd period - Cole Bardreau wins face-off versus Jeremy Gregoire in Wild zone.
11:56 of 3rd period - Cole Bardreau is hit by Ben Thomas.
11:58 of 3rd period - Shot by Nick Lappin.
11:58 of 3rd period - Goal by Nick Lappin - Wild : 2 - Wolf Pack : 2.
11:59 of 3rd period - Jeremy Gregoire wins face-off versus Cole Bardreau in neutral zone.
12:04 of 3rd period - Shot by Ben Thomas.
12:04 of 3rd period - Shot Misses the Net.
12:06 of 3rd period - Shot by Kasper Bjorkqvist.
12:06 of 3rd period - Deflect By Jeremy Gregoire.
12:06 of 3rd period - Shot Misses the Net.
12:41 of 3rd period - Jeremy Gregoire is hit by Cole Bardreau.
12:52 of 3rd period - Icing by Michael Kapla.
12:53 of 3rd period - Joseph Gambardella wins face-off versus Cole Bardreau in Wolf Pack zone.
12:58 of 3rd period - Shot by Jalen Chatfield.
12:58 of 3rd period - Stopped by Mads Sogaard without a rebound.
12:59 of 3rd period - Joseph Gambardella wins face-off versus Shane Bowers in Wolf Pack zone.
13:16 of 3rd period - Anders Bjork is hit by Matt Donovan and loses puck.
13:26 of 3rd period - Minor Penalty to Matt Donovan for High sticking.
13:27 of 3rd period - Shane Bowers wins face-off versus Anthony Louis in Wolf Pack zone.
13:35 of 3rd period - Icing by Taylor Raddysh.
13:36 of 3rd period - Danick Martel wins face-off versus Shane Bowers in Wild zone.
13:44 of 3rd period - Shot by Danick Martel.
13:44 of 3rd period - Shot Misses the Net.
13:46 of 3rd period - Shot by Taylor Raddysh.
13:46 of 3rd period - Shot Blocked by Santerri Saari.
13:48 of 3rd period - Shot by Danick Martel.
13:48 of 3rd period - Shot Blocked by Daniel Walcott.
13:50 of 3rd period - Shot by Anthony Louis.
13:50 of 3rd period - Stopped by Mads Sogaard without a rebound.
13:51 of 3rd period - Joseph Gambardella wins face-off versus Brad Richardson in Wolf Pack zone.
14:28 of 3rd period - Shot by Anders Bjork.
14:28 of 3rd period - Deflect By Joseph Gambardella.
14:28 of 3rd period - Stopped by Mads Sogaard without a rebound.
14:29 of 3rd period - Brad Richardson wins face-off versus Danick Martel in Wolf Pack zone.
15:28 of 3rd period - Shot by Danick Martel.
15:28 of 3rd period - Stopped by Mads Sogaard without a rebound.
15:29 of 3rd period - Joe Thornton wins face-off versus Joseph Gambardella in Wolf Pack zone.
15:37 of 3rd period - Icing by Jalen Chatfield.
15:38 of 3rd period - Joseph Gambardella wins face-off versus Cole Bardreau in Wild zone.
15:40 of 3rd period - Icing by Dillon Simpson.
15:41 of 3rd period - Joe Thornton wins face-off versus Joseph Gambardella in Wild zone.
16:10 of 3rd period - Double Minor Penalty to Daniel Walcott for Boarding.
16:11 of 3rd period - Danick Martel wins face-off versus Shane Bowers in Wolf Pack zone.
16:18 of 3rd period - Shot by Danick Martel.
16:18 of 3rd period - Stopped by Mads Sogaard without a rebound.
16:19 of 3rd period - Danick Martel wins face-off versus Shane Bowers in Wolf Pack zone.
16:50 of 3rd period - Shot by Dillon Simpson.
16:50 of 3rd period - Shot Misses the Net.
17:22 of 3rd period - Tanner Pearson is hit by Kyle Wood.
17:33 of 3rd period - Off-side.
17:34 of 3rd period - Joseph Gambardella wins face-off versus Shane Bowers in neutral zone.
17:37 of 3rd period - Shot by Joseph Gambardella.
17:37 of 3rd period - Stopped by Mads Sogaard without a rebound.
17:38 of 3rd period - Shane Bowers wins face-off versus Danick Martel in Wolf Pack zone.
17:44 of 3rd period - Icing by Dillon Simpson.
17:45 of 3rd period - Danick Martel wins face-off versus Shane Bowers in Wild zone.
18:33 of 3rd period - Off-side.
18:34 of 3rd period - Brad Richardson wins face-off versus Joseph Gambardella in neutral zone.
19:15 of 3rd period - Shot by Anders Bjork.
19:15 of 3rd period - Shot Blocked by Kyle Wood.
Goals for this period are 1 for Wild vs 1 for Wolf Pack.
Shots for this period are 17 for Wild vs 4 for Wolf Pack.

Overtime #1


0:01 of 1st overtime period - Tanner Pearson wins face-off versus Shane Bowers in neutral zone.
1:16 of 1st overtime period - Shot by Jeremy Bracco.
1:16 of 1st overtime period - Shot Misses the Net.
1:18 of 1st overtime period - Shot by Joe Thornton.
1:18 of 1st overtime period - Shot Blocked by Connor Hobbs.
1:20 of 1st overtime period - Shot by Joe Thornton.
1:20 of 1st overtime period - Goal by Joe Thornton - Wild : 2 - Wolf Pack : 3.
Goals for this period are 0 for Wild vs 1 for Wolf Pack.
Shots for this period are 0 for Wild vs 1 for Wolf Pack.